 Dungeon Crawl Stone Soup version 0.29-a0-322-g68df515428 (webtiles) character file.

Game seed: 6381813559846074868

53 YayAnonymity the Slasher (level 3, -4/29 HPs)
             Began as a Draconian Gladiator on Apr 6, 2022.
             Slain by an orc
             ... wielding a +0 flail
              (5 damage)
             ... on level 3 of the Dungeon.
             The game lasted 00:03:47 (2469 turns).

YayAnonymity the Slasher (Draconian Gladiator)      Turns: 2469, Time: 00:03:48

Health: -4/29      AC:  6    Str: 16    XL:     3   Next: 62%
Magic:  3/3        EV: 13    Int:  8    God:
Gold:   73         SH:  0    Dex: 14    Spells: 2/2 levels left

rFire   . . .      SeeInvis .   a - +0 long sword
rCold   . . .      Faith    .   (no shield)
rNeg    . . .      Spirit   .   (body armour unavailable)
rPois   .          Reflect  .   k - +0 hat
rElec   .          Harm     .   (no cloak)
rCorr   .          Rampage  .   l - +0 pair of gloves
Will    .....                   (no boots)
Stlth   +.........              (no amulet)
HPRegen 0.09/turn               (no ring)
MPRegen 0.08/turn               (no ring)

@: no status effects
A: AC +5, unfitting armour, cold-blooded
a: no special abilities


You were on level 3 of the Dungeon.
You visited 1 branch of the dungeon, and saw 3 of its levels.

You collected 73 gold pieces.

Inventory:

Hand Weapons
 a - a +0 long sword (weapon)
 b - a +1 rapier of draining
Missiles
 c - 2 throwing nets (quivered)
 d - a javelin
Armour
 k - a +0 hat (worn)
 l - a +0 pair of gloves (worn)
Scrolls
 e - a scroll of teleportation {unknown}
 f - a scroll of holy word {unknown}
 h - a scroll of magic mapping {unknown}
 j - a scroll of enchant weapon {unknown}
 n - a scroll of identify {unknown}
Potions
 g - a potion of heal wounds
 i - a potion of lignification {unknown}
 m - a potion of degeneration {unknown}
 o - a potion of ambrosia {unknown}
 p - a potion of mutation {unknown}


   Skills:
 - Level 2.1 Fighting
 * Level 4.2 Long Blades
 - Level 1.7 Throwing
 + Level 3.2 Dodging


You had 2 spell levels left.
You didn't know any spells.
Your spell library contained the following spells:

 Spells                   Type           Power      Damage    Failure   Level
 Apportation              Tloc           0%         N/A       41%         1
 Frozen Ramparts          Ice            0%         1d2       78%         3
 Summon Guardian Golem    Hex/Summ       0%         N/A       78%         3
 Ice Form                 Ice/Tmut       0%         N/A       99%         4
 Summon Ice Beast         Ice/Summ       0%         N/A       99%         4
 Alistair's Intoxication  Tmut/Pois      0%         N/A       100%        5
 Orb of Destruction       Conj           0%         9d5       100%        7
 Spellforged Servitor     Conj/Summ      0%         N/A       100%        7


Dungeon Overview and Level Annotations

Branches:
Dungeon (3/15)

Altars:
Gozag


Innate Abilities, Weirdness & Mutations

Your plain brown scales are hard. (AC +5)
You cannot fit into any form of body armour.
You are cold-blooded and may be slowed by cold attacks.


Message History

It was a potion of heal wounds.
You feel much better.
You hear some strange, mumbled words.
A puff of flame appears from out of thin air!
The puff of flame hits you!
You completely miss something.
You hear some strange, mumbled words.
Something tries to affect you, but you resist.
You bump into the rock wall.
Something hits you.
You miss something. Something hits you.
An ice beast comes into view.
You bump into the rock wall.
Something hits you but does no damage.
You barely miss something.
Your tail-slap misses something.
Something hits you but does no damage. Something hits you but does no damage.
You bump into the rock wall.
Something hits you but does no damage.
You bump into the rock wall.
Something hits you.
The ice beast hits you but does no damage.
You feel less confused.
The ice beast hits you but does no damage.
You hit the ice beast.
The ice beast is lightly wounded.
The ice beast hits you. The ice beast freezes you!
You feel yourself slow down.
* * * LOW HITPOINT WARNING * * *
The ice beast barely misses you. Something hits you but does no damage.
The orc barely misses you.
You hit the ice beast but do no damage.
The ice beast is lightly wounded.
Something hits you but does no damage. The ice beast barely misses you.
The orc misses you.
You hit the ice beast but do no damage.
Your tail-slap misses the ice beast.
The ice beast is lightly wounded.
You feel yourself speed up.
An orc wizard appears from thin air!
Reactivating autopickup.
The orc wizard casts a spell at you. You resist with significant effort.
The ice beast hits you but does no damage.
The orc barely misses you. The ice beast closely misses you.
The orc hits you with a +0 flail.
You die...

#### #..## #..≈# #..≈##
################# #.≈≈≈#
......).(w#o....## ###.#≈≈#
.≈########o@.....####...##≈≈
##Y......##.....#≈≈
#.......#......##≈
#.......#.......#≈
#.......#.......#≈
##.......#.......#≈
#.......##....####≈
##...†.####...#≈#≈≈ ###.)##
#....#≈#≈≈


You could see an ice beast, a worm, an orc wizard and an orc.

Vanquished Creatures
  A dart slug (D:1)
  2 orcs (D:3)
  5 ball pythons
  3 endoplasms (D:1)
  2 giant cockroaches
  2 goblins
  8 hobgoblins
  3 jackals (D:1)
  5 kobolds
  3 quokkas (D:1)
  3 bats
  A frilled lizard (D:1)
  5 rats
43 creatures vanquished.

Notes
Turn   | Place    | Note
-------+----------+-------------------------------------------
     0 | D:1      | YayAnonymity the Draconian Gladiator began the quest for
                  | the Orb.
     0 | D:1      | Reached XP level 1. HP: 17/17 MP: 1/1
   138 | D:1      | Reached XP level 2. HP: 18/24 MP: 2/2
  1380 | D:1      | Reached XP level 3. HP: 27/29 MP: 3/3
  1465 | D:1      | Found a faded altar of an unknown god.
  1814 | D:2      | Reached skill level 4 in Long Blades
  2146 | D:3      | Found an opulent altar of Gozag.
  2216 | D:3      | Identified the +1 scale mail of Xom, Enfolding {Dex+4}
  2460 | D:3      | Noticed an ice beast
  2467 | D:3      | HP: 1/29 [ice beast (8)]
  2469 | D:3      | Slain by an orc

Illustrated notes

Levels and vault maps discovered:
D:1:      giann_horns, layout_basic, basic_ecumenical_altar, hex_intersection
D:2:      layout_basic, uniq_jessica
D:3:      layout_rooms, nicolae_gozag_cash_rules_everything_around_me,
          serial_rivers, chequers_serial_rivers_marsh,
          chequers_serial_rivers_micro_e, chequers_serial_rivers_large_b,
          chequers_serial_rivers_micro_d, gup_sewer_entry_pipe

Skill      XL: |  1  2  3 |
---------------+----------+-----
Dodging        | 3 |  3.2
Long Blades    | 4 |  4.2
Fighting       | |  2.1
Throwing       | |  1.7

Action                   || total
-------------------------++-------
Melee: Long sword        ||   149
       Tailslap          ||    13
Throw: Throwing net      ||     1
  Use: Potion            ||     1
 Stab: Sleeping          ||     1
Armor: Skin              ||    59
Dodge: Dodged            ||   117

Table legend: (Time is in decaauts)
 A = Elapsed time spent in this place.
 B = Non-inter-level travel time spent in this place.
 C = Inter-level travel time spent in this place.
 D = Time resting spent in this place.
 E = Time spent auto-exploring this place.
 F = Levels seen in this place.
 G = Mean time per level.
                   A        B        C        D        E       F      G
               +--------+--------+--------+--------+--------+-----+--------+
         Total |   2549 |   2443 |    106 |    265 |   1539 |   3 |  849.7 |
       Dungeon |   2549 |   2443 |    106 |    265 |   1539 |   3 |  849.7 |
               +--------+--------+--------+--------+--------+-----+--------+

Top non-repeatable levels by time:
     D:1: 1790 daAuts
     D:3: 397 daAuts
     D:2: 361 daAuts
